 Dungeon Sprint DCSS version 0.29.1-15-g9cfb28693d (webtiles) character file.

Game seed: 10083577229580951111

1000000 Nonny the Sorcerer (level 13, -8/81 HPs)
             Began as a Djinni Wanderer on Feb 26, 2023.
             Was a Follower of Makhleb.
             Mangled by a meat berserker
             ... wielding a +9 battleaxe
              (72 damage)
             ... in the Dungeon (Sprint VIII: "Arena of Blood").
             The game lasted 00:00:29 (10 turns).

Nonny the Sorcerer (Djinni Wanderer)                  Turns: 10, Time: 00:00:30

Health: -8/81      AC:  2    Str:  7    XL:     13   Next: 12%
Gold:   0          EV: 12    Int: 20    God:    Makhleb [*.....] SH:  0 Dex: 16

rFire   + + .      SeeInvis .   j - +∞ Axe of Woe
rCold   x . .      Faith    .   (shield currently unavailable)
rNeg    . . .      Spirit   .   c - +0 robe
rPois   ∞          Reflect  .   (no helmet)
rElec   .          Harm     .   (no cloak)
rCorr   .          Rampage  .   (no gloves)
Will    +....      NoTele   +   (boots unavailable)
Stlth   ++........              (no amulet)
HPRegen 0.23/turn               (no ring)
MPRegen 0.00/turn               (no ring)

@: flying
A: sickness immunity, fire resistance 2, cold vulnerability 1, float, innate
caster, HP casting, extra vitality 1
a: Renounce Religion


You were in the Dungeon.
You worshipped Makhleb.
Makhleb was aware of your devotion.
You visited 1 branch

Inventory:

Hand Weapons
 a - a +0 dagger
 j - the +∞ Axe of Woe (weapon)
   (You found it in the Dungeon)
Armour
 c - a +0 robe (worn)
Wands
 d - a wand of flame (3)
Scrolls
 i - a scroll of blinking
Potions
 b - a potion of attraction
 e - a potion of curing
 f - a potion of heal wounds
 g - a potion of haste
 h - a potion of berserk rage


   Skills:
 + Level 3.3 Fighting
 + Level 6.4 Axes
 + Level 1.1 Dodging
 + Level 1.0 Stealth
 + Level 21.4 Spellcasting
 + Level 15.4 Evocations


You had 23 spell levels left.
You knew the following spells:

 Your Spells              Type           Power      Damage    Failure   Level
a - Sandblast             Erth           100%       2d20      0%          1
b - Petrify               Tmut/Erth      82%        N/A       0%          4
c - Animate Armour        Summ/Erth      100%       N/A       0%          4
d - Dazzling Flash        Conj/Hex       100%       N/A       0%          3
e - Slow                  Hex            100%       N/A       0%          1
f - Beastly Appendage     Tmut           100%       N/A       0%          1
g - Searing Ray           Conj           100%       2d8       0%          2
h - Call Canine Familiar  Summ           82%        N/A       0%          3
i - Conjure Flame         Conj/Fire      82%        6-21      0%          3
j - Corpse Rot            Necr/Pois/Air  82%        N/A       0%          4
k - Summon Mana Viper     Hex/Summ       82%        N/A       0%          5

Your spell library contained the following spells:

 Spells                   Type           Power      Damage    Failure   Level


Dungeon Overview and Level Annotations

Branches:
Dungeon (1/1)

Altars:
Makhleb


Innate Abilities, Weirdness & Mutations

You are immune to sickness and miasma.
You are immune to poison.
Your flesh is very heat resistant. (rF++)
You are vulnerable to cold. (rC-)
You float through the air rather than walking.
You learn spells naturally, not from books.
Your magical power is your life essence.
You have superior vitality. (+4 MHP)


Message History

Unknown command.
Unknown command.
You hit the bag of meat.
You butcher the bag of meat messily.
You kill the bag of meat!
Makhleb accepts your kill.
You can now gain health from killing.
You hit the bag of meat.
You pulverise the bag of meat into a thin bloody mist.
You kill the bag of meat!
Makhleb accepts your kill.
You hear a shout! x6
A meat berserker comes into view. It is wielding a +9 battleaxe. x2
You hear a shout! x2
A bag of meat comes into view. It is wielding a +9 war axe.
You hear a shout! x11
Your Fighting skill gained 3 levels and is now at level 3!
Your Axes skill gained 3 levels and is now at level 6!
Your Spellcasting skill gained 4 levels and is now at level 21!
Your Evocations skill gained 3 levels and is now at level 15!
You have reached level 12!
You feel clever.
You have reached level 13!
The power to cast Summon Mana Viper wells up from within.
Spell assigned to 'k'.
Unknown command.
The bag of meat attacks as you move away!
The bag of meat hits you with a +9 war axe!!
The bag of meat shouts!
You hear a shout! x13
Unknown command.
You already know all available spells.
Cast which spell? (? or * to list)
Okay, then.
A meat berserker and 3 bags of meat come into view.
The bag of meat shouts! x3; You hear a shout!
The meat berserker rages.
You hear a shout! x2
A bag of meat comes into view. It is wielding a +9 war axe. x2
You hear a shout! x11
The meat berserker hits you with a +9 battleaxe!!!!
Ouch! That really hurt!
You die...

.....#.#.o....
.o......O..o.
.............
.o..o.......
...........
..........
#......O#
#.....O@#
.###..o.))o###...
...o..###.........
.o....._..........
....#.....#.......
. #_.<._#.......
#.....#......#
....._..........
......###.........


You could see 3 meat berserkers and 8 bags of meat.

Vanquished Creatures
  3 orcs (D)
3 creatures vanquished.

Notes
Turn   | Place    | Note
-------+----------+-------------------------------------------
     0 | D        | Found the +∞ Axe of Woe
     0 | D        | Nonny the Djinni Wanderer began the quest for the Orb.
     0 | D        | Nonny set off with the following items: a +0 dagger, a
                  | potion of attraction, a +0 robe, a wand of flame (3), a
                  | potion of curing, a potion of heal wounds, a potion of
                  | haste, a potion of berserk rage, a scroll of blinkingthe
                  | following spells memorised: Sandblast, Petrify, Animate
                  | Armour, Dazzling Flash, Slow.
     0 | D        | Reached XP level 1. HP: 15/15 MP: 0/0
     1 | D        | Noticed a bag of meat
     3 | D        | Became a worshipper of Makhleb the Destroyer
     4 | D        | Noticed a bag of meat
     4 | D        | Noticed a bag of meat
     4 | D        | Noticed a bag of meat
     5 | D        | Noticed a bag of meat
     7 | D        | Killed a bag of meat
     8 | D        | Reached skill level 17 in Spellcasting
     8 | D        | Reached XP level 2. HP: 21/21 MP: 0/0
     8 | D        | Reached XP level 3. HP: 25/25 MP: 0/0
     8 | D        | Learned a level 1 spell: Beastly Appendage
     8 | D        | Reached XP level 4. HP: 31/31 MP: 0/0
     8 | D        | Reached XP level 5. HP: 35/35 MP: 0/0
     8 | D        | Learned a level 2 spell: Searing Ray
     8 | D        | Reached XP level 6. HP: 40/40 MP: 0/0
     8 | D        | Reached XP level 7. HP: 45/45 MP: 0/0
     8 | D        | Learned a level 3 spell: Call Canine Familiar
     8 | D        | Reached XP level 8. HP: 50/50 MP: 0/0
     8 | D        | Reached XP level 9. HP: 55/55 MP: 0/0
     8 | D        | Learned a level 3 spell: Conjure Flame
     8 | D        | Reached XP level 10. HP: 60/60 MP: 0/0
     8 | D        | Reached XP level 11. HP: 65/65 MP: 0/0
     8 | D        | Learned a level 4 spell: Corpse Rot
     8 | D        | Killed a bag of meat
     8 | D        | Reached * piety under Makhleb
     8 | D        | Killed a bag of meat
     8 | D        | Noticed a meat berserker
     8 | D        | Noticed a meat berserker
     8 | D        | Noticed a bag of meat
     9 | D        | Reached skill level 21 in Spellcasting
     9 | D        | Reached skill level 15 in Evocations
     9 | D        | Reached XP level 12. HP: 76/76 MP: 0/0
     9 | D        | Reached XP level 13. HP: 81/81 MP: 0/0
     9 | D        | Learned a level 5 spell: Summon Mana Viper
    10 | D        | Noticed a bag of meat
    10 | D        | Noticed a meat berserker
    10 | D        | Noticed a bag of meat
    10 | D        | Noticed a bag of meat
    10 | D        | Noticed a bag of meat
    10 | D        | Noticed a bag of meat
    10 | D        | Mangled by a meat berserker

Illustrated notes

Levels and vault maps discovered:
D:        meatsprint

Skill      XL: |  1  2  3  4  5  6  7  8  9 10 11 |
---------------+----------------------------------+-----
Axes           | 3 6 |  6.4
Spellcasting   | 17 21 | 21.4
Evocations     | 12 15 | 15.4
Fighting       | 3 |  3.3
Dodging        | |  1.1
Stealth        | |  1.0

Action                   |  1- 3 |  4- 6 |  7- 9 | 10-12 | 13-15 || total
-------------------------+-------+-------+-------+-------+-------++-------
Melee: Executioner's axe |     1 |       |       |     1 |       ||     2
